 Dungeon Crawl Stone Soup version 0.28.0-47-ge53b351184 (webtiles) character file.

Game seed: 13096998091421144890

114894 Kaptain the Earth Mage (level 16, -2/108 HPs)
             Began as a Gargoyle Earth Elementalist on Apr 29, 2022.
             Shot with an arrow by a deep elf archer (25 damage)
             ... on level 1 of the Elven Halls on Apr 30, 2022.
             The game lasted 01:28:09 (37481 turns).

Kaptain the Earth Mage (GrEE)                      Turns: 37481, Time: 01:28:10

Health: -2/108     AC: 36    Str: 15 (16) XL:     16   Next: 67%
Magic:  30/51      EV:  9    Int: 36 (40) God:
Gold:   1342       SH:  8    Dex:  3 (8)  Spells: 21/40 levels left

rFire   + . .      SeeInvis +   b - +8 trident of the Octopus King {venom, rElec rPois}
rCold   + . .      Faith    .   e - +1 kite shield {AC+3}
rNeg    + . .      Spirit   .   F - quicksilver dragon scales of Inaction {Will+ Int+4}
rPois   ∞          Reflect  .   d - +3 hat of Pondering {ponderous, Will+ MP+10 Int+5}
rElec   +          Harm     .   S - +0 cloak
rCorr   .          Rampage  .   L - +1 pair of gloves of the Depths {rPois Int+3 Dex-2}
Will    +++..                   a - +0 pair of boots "Fiwexotz" {rC+ Regen+ Slay-2}
Stlth   ++........              j - amulet of regeneration
HPRegen 1.88/turn               t - ring "Saguyn" {rF+ Str+3 Int+5 SInv}
MPRegen 0.32/turn               i - ring of magical power

@: about to teleport, flying, invisible, slow
A: sickness immunity, AC +12, big wings, negative energy resistance 1,
electricity resistance, torment resistance 1, petrification resistance
a: no special abilities


You were on level 1 of the Elven Halls.
You visited 6 branches of the dungeon, and saw 23 of its levels.
You also visited: Trove, Sewer and Bailey.

You collected 2630 gold pieces.
You spent 1288 gold pieces at shops.

Inventory:

Hand Weapons
 b - the +8 trident of the Octopus King (weapon) {venom, rElec rPois}
   (You found it on level 5 of the Dungeon)

   It poisons the flesh of those it strikes.
   rElec:     It insulates you from electricity.
   rPois:     It protects you from poison.
 C - the +8 frozen axe "Frostbite" {freezing cloud, *Noise Fly rC+}
   (You found it on level 6 of the Dungeon)

   It freezes those it strikes, dealing additional cold damage.
   It can also slow down cold-blooded creatures.
   It occasionally leaves clouds of freezing vapour upon striking a foe.
   It grants immunity to clouds of freezing vapour.
   rC:        It protects you from cold.
   Fly:       It grants you flight.
   *Noise:    It may make noises in combat.
 D - the +4 whip of Popular Demand {flame, Will+ Dex+4}
   (You found it on level 6 of the Dungeon)

   It burns those it strikes, dealing additional fire damage.
   Dex:       It affects your dexterity (+4).
   Will:      It increases your willpower.
Missiles
 c - 481 stones
 O - 7 throwing nets
Armour
 a - the +0 pair of boots "Fiwexotz" (worn) {rC+ Regen+ Slay-2}
   (You found it in a treasure trove)

   Slay:      It affects your accuracy & damage with ranged weapons and melee
   (-2).
   rC:        It protects you from cold.
   Regen:     It increases your rate of health regeneration.
 d - the +3 hat of Pondering (worn) {ponderous, Will+ MP+10 Int+5}
   (You took it off Gastronok on level 11 of the Dungeon)

   Int:       It affects your intelligence (+5).
   MP:        It affects your magic capacity (+10).
   Will:      It increases your willpower.
 e - a +1 kite shield of protection (worn)
 m - a +1 troll leather armour {Snorg}
 r - the +0 hat of the Hidden Vale {Contam rC+ Int+7}
   (You found it in a treasure trove)

   Int:       It affects your intelligence (+7).
   rC:        It protects you from cold.
   Contam:    It causes magical contamination when unequipped.
 u - +0 pearl dragon scales
 z - the +0 kite shield of Trumpets {rCorr}
   (You found it in a treasure trove)

   rCorr:     It protects you from acid and corrosion.
 F - the quicksilver dragon scales of Inaction (worn) {Will+ Int+4}
   (You found it in a treasure trove)

   Int:       It affects your intelligence (+4).
   Will:      It increases your willpower.
 L - the +1 pair of gloves of the Depths (worn) {rPois Int+3 Dex-2}
   (You found it in a treasure trove)

   Int:       It affects your intelligence (+3).
   Dex:       It affects your dexterity (-2).
   rPois:     It protects you from poison.
 S - a +0 cloak (worn)
Magical Staves
 p - a staff of earth
Jewellery
 h - a ring of positive energy
 i - a ring of magical power (right hand)
 j - an amulet of regeneration (around neck)
 q - a ring of protection from cold
 t - the ring "Saguyn" (left hand) {rF+ Str+3 Int+5 SInv}
   (You bought it in a shop on level 2 of the Orcish Mines)

   [ring of protection from fire]

   Str:       It affects your strength (+3).
   Int:       It affects your intelligence (+5).
   rF:        It protects you from fire.
   SInv:      It lets you see invisible.
 v - an amulet of reflection
 V - a ring of willpower
 Y - a ring of protection from fire
Wands
 I - a wand of digging (1)
 M - a wand of mindburst (13)
 R - a wand of iceblast (2)
Scrolls
 A - 6 scrolls of enchant armour
 E - 2 scrolls of fog
 H - 3 scrolls of enchant weapon
 J - a scroll of summoning
 N - 3 scrolls of immolation
 P - a scroll of fear
 U - a scroll of holy word
Potions
 g - 2 potions of haste
 l - 6 potions of mutation
 n - a potion of curing
 s - 2 potions of lignification
 w - a potion of cancellation
 x - 3 potions of brilliance
 B - a potion of experience {unknown}
 G - a potion of resistance {unknown}
 K - 2 potions of might
 Z - 2 potions of berserk rage
Miscellaneous
 f - a phial of floods (inert)
 X - a tin of tremorstones (inert)


   Skills:
 * Level 15.0 Fighting
 + Level 10.9 Armour
 - Level 2.4 Dodging
 - Level 5.0 Stealth
 - Level 5.0 Shields
 * Level 12.9 Spellcasting
 * Level 15.0 Conjurations
 - Level 0.7 Transmutations
 * Level 16.5 Earth Magic


You had 21 spell levels left.
You knew the following spells:

 Your Spells              Type           Power      Damage    Failure   Level
a - Sandblast             Erth           100%       2d20      0%          1
b - Stone Arrow           Conj/Erth      100%       3d13      1%          3
c - Mephitic Cloud        Conj/Pois/Air  56%        N/A       3%          3
d - Swiftness             Air            23%        N/A       26%         3
e - Shatter               Erth           48%        3d37*     100%        9

Your spell library contained the following spells:

 Spells                   Type           Power      Damage    Failure   Level
 Shock                    Conj/Air       100%       1d9       1%          1
 Passwall                 Tmut/Erth      59%        N/A       1%          2
 Static Discharge         Conj/Air       67%        N/A       1%          2
 Animate Armour           Summ/Erth      100%       N/A       2%          4
 Leda's Liquefaction      Hex/Erth       35%        N/A       2%          4
 Petrify                  Tmut/Erth      71%        N/A       2%          4
 Beastly Appendage        Tmut           56%        N/A       6%          1
 Sting                    Tmut/Pois      100%       1d8       7%          1
 Wereblood                Tmut           28%        N/A       10%         2
 Lightning Bolt           Conj/Air       33%        1d51      11%         5
 Ignite Poison            Fire/Tmut/Pois 24%        N/A       22%         3
 Spider Form              Tmut/Pois      25%        N/A       22%         3
 Call Canine Familiar     Summ           23%        N/A       26%         3
 Portal Projectile        Hex/Tloc       46%        N/A       26%         3
 Freezing Cloud           Conj/Ice/Air   28%        6-21      30%         5
 Airstrike                Air            11%        N/A       63%         4
 Metabolic Englaciation   Hex/Ice        11%        N/A       93%         5
 Summon Mana Viper        Hex/Summ       23%        N/A       93%         5
 Eringya's Noxious Bog    Tmut/Pois      12%        N/A       100%        6
 Maxwell's Capacitive Co  Air            11%        ∞         100%        8
 Statue Form              Tmut/Erth      Unusable   N/A       N/A         6

Dungeon Overview and Level Annotations

Branches:
Dungeon (12/15)            Temple (1/1) D:7            Lair (6/6) D:11
 Shoals (0/4) Lair:2       Spider (1/4) Lair:4        Slime (0/5) Lair:5
    Orc (2/2) D:12            Elf (1/3) Orc:2         Sewer (visited)
 Bailey (visited)

Altars:
Ashenzari
Cheibriados
Dithmenos
Elyvilon
Fedhas
Gozag
Hepliaklqana
Kikubaaqudgha
Makhleb
Nemelex Xobeh
Okawaru
Qazlal
Ru
Sif Muna
Trog
Uskayaw
Vehumet
Wu Jian
Xom
Yredelemnul
Zin
The Shining One
Beogh
Jiyva

Shops:
Orc:1 *   Orc:2 ([!=   Elf:1 *

Annotations:
D:3 3 runed translucent doors, Bruhh's ghost, amateur DjCA


Innate Abilities, Weirdness & Mutations

You are immune to sickness and miasma.
Your stone body is resilient. (AC +12)
You are immune to poison.
Your large and strong wings let you fly.
You resist negative energy. (rN+)
You are resistant to electric shocks. (rElec)
You are resistant to unholy torment.
You are immune to petrification.


Message History

The deep elf zephyrmancer hits you but does no damage.
The deep elf archer barely misses you.
You puncture the deep elf archer!
The deep elf archer is severely wounded.
The deep elf zephyrmancer hits you but does no damage.
The deep elf archer casts a spell.
The deep elf archer blinks!
Unknown command.
The deep elf zephyrmancer hits you with a +0 long sword.
The deep elf archer unwields a +0 short sword.
The deep elf archer wields a +0 longbow.
The deep elf archer shoots an arrow.
The arrow hits you!
You hit the deep elf zephyrmancer.
The deep elf zephyrmancer is poisoned.
The deep elf zephyrmancer is almost dead.
You kill the deep elf zephyrmancer!
The deep elf zephyrmancer gestures at you while chanting.
The bolt of lightning hits you! You resist.
The deep elf archer shoots an arrow.
The arrow hits you!
* * * LOW HITPOINT WARNING * * *
You block the deep elf zephyrmancer's attack.
Unknown command.
Magic courses through your body.
The deep elf archer shoots an arrow.
The arrow hits you!!
* * * LOW HITPOINT WARNING * * *
The deep elf zephyrmancer points at you and mumbles some strange words.
The bolt of lightning hits you. You resist.
* * * LOW HITPOINT WARNING * * *
You hear a bark!
You feel better.
The deep elf archer shoots an arrow.
The arrow completely misses you.
The deep elf zephyrmancer casts a spell.
The deep elf zephyrmancer blinks!
You fade into invisibility!
The deep elf archer shoots an arrow.
You block the arrow. The fire elemental barely misses you.
The deep elf archer shoots an arrow.
The arrow misses you.
As you read the scroll of teleportation, it crumbles to dust.
You feel strangely unstable. The fire elemental closely misses you.
The deep elf archer shoots an arrow.
The arrow hits you!!
You die...

#.......###......# #............
#.#####.# ##)..### #............
.....##.# #...# #..........##
#.##..#.# #...# ##............
#.###.#.# #...# #.............
..###.#.####...#####..###...#....
#........)............# #........
####........e.....e...###........
####......).....@))......)..)....
......######...##E##.#.###§.#....
........# ##.#.##E##○.§☼○).......
..##.##.# #.###.#○°°eE.####..####
..##.##.# ##.#.######### #..####
.....##.# #...# #.).e.. #.#####.#
#...# ###########.##e. #.#####.#
##.####.......# #.##..
#.......### #....#.#####.# #...#.


You could see a deep elf archer (repels missiles), a deep elf zephyrmancer and 2
fire elementals.

Vanquished Creatures
  Jorgrun (D:12)
  Rupert (Lair:4)
  Gastronok (D:11)
  Roxanne (Spider:1)
  3 orc warlords
  2 ghost moths
  2 broodmothers (Spider:1)
  Nessos (Lair:6)
  3 spark wasps (Spider:1)
  Snorg (Orc:2)
  A deep elf death mage (Elf:1)
  9 hydras
  A death knight (D:12)
  3 boulder beetles
  6 two-headed ogres
  9 death yaks
  Urug (Lair:5)
  Erica (Orc:1)
  3 dancing weapons (Elf:1)
  2 deep elf knights (Elf:1)
  3 pharaoh ants
  A sun moth (Lair:4)
  An orange crystal statue (D:12)
  A steelbarb worm (Spider:1)
  2 orb spiders
  A deep elf archer (Elf:1)
  11 deep elf zephyrmancers
  A cyclops (Orc:2)
  2 orc knights (Orc:2)
  5 deep elf pyromancers (Elf:1)
  An ugly thing (D:6)
  6 orc sorcerers
  A manticore (D:12)
  17 elephants
  8 wolf spiders
  A moth of wrath (Spider:1)
  7 black mambas
  Maurice (D:9)
  4 merfolk sirens (Lair:2)
  4 torpor snails
  A gargoyle (D:12)
  8 komodo dragons
  A kobold demonologist (D:10)
  13 cane toads
  3 unseen horrors
  A rime drake (Lair:4)
  A demonic crawler (Lair:4)
  2 freezing wraiths (D:12)
  A guardian mummy (D:11)
  7 hornets
  4 polar bears
  3 trolls
  9 tarantellas
  6 slime creatures (D:12)
  19 dream sheep
  5 blink frogs (Lair:6)
  An air elemental (Elf:1)
  2 shadows
  A vampire (D:12)
  13 spriggans (Lair:6)
  12 jumping spiders
  5 culicivoras (Spider:1)
  3 wraiths
  A water elemental (Elf:1)
  32 yaks
  Eustachio (D:6)
  A fire elemental (Elf:1)
  2 wyverns (Lair:5)
  A steam dragon (D:8)
  7 basilisks
  20 redbacks
  8 wargs
  An acid dragon (D:12)
  16 water moccasins
  2 sky beasts
  33 orc warriors
  4 black bears
  2 necrophages
  33 wolves
  11 ogres
  3 boggarts (Lair:6)
  4 centaurs
  4 kobold brigands
  2 phantoms
  12 bullfrogs
  10 gnoll sergeants
  A wyvern skeleton (D:7)
  7 killer bees
  9 wights
  A howler monkey (D:6)
  A bullfrog zombie (D:6)
  6 centaur zombies
  12 orc priests
  A centaur skeleton (D:6)
  8 gnoll shamans
  6 hounds
  2 iguanas (D:5)
  Natasha (twice) (D:3)
  31 orc wizards
  8 hell rats
  A scorpion zombie (D:5)
  A hound zombie (D:5)
  A howler monkey zombie (D:9)
  35 gnolls
  2 adders
  A howler monkey skeleton (D:7)
  7 white imps
  2 ufetubi (D:4)
  7 dart slugs
  98 orcs
  9 ball pythons
  6 bats
  8 endoplasms
  6 giant cockroaches
  8 hobgoblins
  2 jackals (D:2)
  43 kobolds
  8 quokkas
  4 frilled lizards
  7 goblins
  5 rats
817 creatures vanquished.

Vanquished Creatures (others)
  A deep elf knight (Elf:1)
  A deep elf pyromancer (Elf:1)
  37 fungi
  42 plants
81 creatures vanquished.

Grand Total: 898 creatures vanquished

Notes
Turn   | Place    | Note
-------+----------+-------------------------------------------
     0 | D:1      | Kaptain the Gargoyle Earth Elementalist began the quest for
                  | the Orb.
     0 | D:1      | Reached XP level 1. HP: 10/10 MP: 3/3
   115 | D:1      | Reached XP level 2. HP: 16/16 MP: 1/5
   320 | D:1      | Reached skill level 1 in Conjurations
   430 | D:1      | Reached skill level 1 in Fighting
   430 | D:1      | Reached XP level 3. HP: 20/20 MP: 1/6
   434 | D:1      | Learned a level 3 spell: Stone Arrow
   484 | D:1      | Reached skill level 4 in Earth Magic
  1528 | D:2      | Noticed a shining eye
  1530 | D:2      | Found a faded altar of an unknown god.
  1546 | D:2      | Noticed a floating eye
  1546 | D:2      | Noticed a shining eye
  1546 | D:2      | Noticed an eye of devastation
  1752 | D:2      | Reached skill level 1 in Armour
  1764 | D:2      | Reached XP level 4. HP: 22/25 MP: 4/7
  2507 | D:3      | Found a runed translucent gate.
  2507 | D:3      | Found a runed translucent gate.
  2507 | D:3      | Found a runed translucent gate.
  2836 | D:3      | Noticed Bruhh's ghost (amateur DjCA)
  2836 | D:3      | Noticed a kobold brigand
  2936 | D:3      | Noticed Natasha
  2944 | D:3      | Killed Natasha
  3004 | D:3      | Noticed Natasha
  3015 | D:3      | Killed Natasha
  3016 | D:3      | Reached XP level 5. HP: 30/30 MP: 0/9
  3321 | D:4      | Noticed a necrophage
  3337 | D:4      | Killed a necrophage
  3338 | D:4      | Reached XP level 6. HP: 35/35 MP: 4/10
  3653 | D:4      | Found a glowing drain.
  3669 | Sewer    | Entered a sewer
  4533 | D:5      | Entered Level 5 of the Dungeon
  4663 | D:5      | Noticed a shadow
  4678 | D:5      | Killed a shadow
  4679 | D:5      | Reached skill level 5 in Earth Magic
  4679 | D:5      | Reached XP level 7. HP: 19/41 MP: 10/12
  4909 | D:5      | Found the +8 trident of the Octopus King {venom, rElec
                  | rPois}
  5140 | D:5      | Reached skill level 1 in Shields
  5140 | D:5      | Reached XP level 8. HP: 48/48 MP: 12/14
  5597 | D:5      | Reached skill level 6 in Earth Magic
  6171 | D:6      | Reached skill level 5 in Conjurations
  6171 | D:6      | Reached XP level 9. HP: 49/53 MP: 0/16
  6211 | D:6      | Reached skill level 5 in Fighting
  6211 | D:6      | Noticed Eustachio
  6436 | D:6      | Killed Eustachio
  6437 | D:6      | Reached skill level 5 in Spellcasting
  6597 | D:6      | Reached skill level 7 in Earth Magic
  6789 | D:6      | Found the +8 frozen axe "Frostbite" {freezing cloud, *Noise
                  | Fly rC+}
  6790 | D:6      | Noticed a green ugly thing
  6805 | D:6      | Killed a green ugly thing
  6914 | D:6      | Noticed a two-headed ogre
  6922 | D:6      | Killed a two-headed ogre
  7042 | D:6      | Reached XP level 10. HP: 60/60 MP: 18/18
  7044 | D:6      | Identified the +4 whip of Popular Demand {flame, Will+
                  | Dex+4}
  7506 | D:7      | Reached skill level 8 in Earth Magic
  7678 | D:7      | Found a staircase to the Ecumenical Temple.
  7691 | Temple   | Entered the Ecumenical Temple
  8971 | D:8      | Reached skill level 5 in Stealth
  9186 | D:8      | Reached skill level 5 in Armour
  9279 | D:8      | Identified the +2 helmet of Valour {Rampage +Inv}
 10170 | D:9      | Noticed Maurice
 10177 | D:9      | Killed Maurice
 11033 | D:9      | Reached skill level 9 in Earth Magic
 11378 | D:10     | Entered Level 10 of the Dungeon
 11396 | D:10     | Found a flagged portal.
 11410 | Bailey   | Entered a bailey
 11903 | Bailey   | Reached XP level 11. HP: 49/68 MP: 1/21
 12650 | D:10     | Found a shadowy altar of Dithmenos.
 12721 | D:10     | Noticed a two-headed ogre
 12725 | D:10     | Killed a two-headed ogre
 12947 | D:10     | Noticed a two-headed ogre
 12954 | D:10     | Killed a two-headed ogre
 12955 | D:10     | Reached skill level 5 in Shields
 13254 | D:10     | Identified the +6 spear "Iran" {speed, rC+}
 13573 | D:10     | Found a white marble altar of Elyvilon.
 13788 | D:11     | Reached skill level 10 in Earth Magic
 13853 | D:11     | Noticed a two-headed ogre
 13861 | D:11     | Killed a two-headed ogre
 14302 | D:11     | Noticed a death yak
 14303 | D:11     | Noticed a death yak
 14307 | D:11     | Found a staircase to the Lair.
 14307 | D:11     | Noticed a death yak
 14356 | D:10     | Killed a death yak
 14453 | D:11     | Noticed Gastronok
 14462 | D:11     | Killed Gastronok
 14611 | D:11     | Reached XP level 12. HP: 76/76 MP: 24/24
 14772 | D:10     | Killed a death yak
 14854 | D:11     | Killed a death yak
 15204 | D:11     | Found a portal to a secret trove of treasure.
 15443 | Lair:1   | Entered Level 1 of the Lair of Beasts
 15536 | Lair:1   | Reached skill level 11 in Earth Magic
 16435 | Lair:2   | Found a staircase to the Shoals.
 16496 | Lair:2   | Reached skill level 10 in Fighting
 16496 | Lair:2   | Reached skill level 10 in Conjurations
 18041 | Lair:3   | Learned a level 3 spell: Mephitic Cloud
 18045 | Lair:3   | Learned a level 3 spell: Swiftness
 18536 | Lair:4   | Noticed a seven-headed hydra
 18542 | Lair:4   | Killed a seven-headed hydra
 18545 | Lair:4   | Reached skill level 12 in Earth Magic
 18671 | Lair:4   | Reached XP level 13. HP: 83/83 MP: 26/26
 19744 | Lair:4   | Found a hole to the Spider Nest.
 19927 | Lair:4   | Noticed Rupert
 19980 | Lair:4   | Killed Rupert
 20503 | Lair:4   | Identified the +3 chain mail of Day {rC+ MP-9 Str+2 Stlth+}
 20995 | Lair:5   | Noticed Urug
 21062 | Lair:4   | Reached skill level 10 in Spellcasting
 21122 | Lair:5   | Reached skill level 13 in Earth Magic
 21724 | Lair:5   | Gained mutation: Your large and strong wings let you fly.
                  | [Gargoyle growth]
 21724 | Lair:5   | Reached XP level 14. HP: 37/91 MP: 22/28
 21840 | Lair:5   | Killed Urug
 21960 | Lair:5   | Found a viscous altar of Jiyva.
 21961 | Lair:5   | Found a staircase to the Slime Pits.
 22309 | Lair:6   | Entered Level 6 of the Lair of Beasts
 23434 | Lair:6   | Noticed Nessos
 23603 | Lair:6   | Killed Nessos
 23604 | Lair:6   | Reached skill level 14 in Earth Magic
 26083 | D:12     | Found a staircase to the Orcish Mines.
 26164 | D:12     | Reached XP level 15. HP: 73/98 MP: 30/30
 27606 | Orc:1    | Entered Level 1 of the Orcish Mines
 27606 | Orc:1    | Noticed Jorgrun
 27770 | D:12     | Killed Jorgrun
 28264 | Orc:2    | Entered Level 2 of the Orcish Mines
 28400 | Orc:2    | Reached skill level 15 in Earth Magic
 29030 | Orc:2    | Noticed an orc warlord
 29090 | Orc:2    | Killed an orc warlord
 29448 | Orc:2    | Found Xivaxaec's Antique Armour Emporium.
 29452 | Orc:2    | Found Zemnisch's Antique Weapon Shoppe.
 29520 | Orc:2    | Noticed an orc warlord
 29585 | Orc:2    | Found a staircase to the Elven Halls.
 29593 | Orc:1    | Noticed Erica
 29614 | Orc:1    | Killed Erica
 29827 | Orc:1    | Noticed an orc warlord
 29828 | Orc:1    | Found Hismum's General Store.
 30105 | Orc:2    | Found Weggom's Distillery.
 30213 | Orc:2    | Killed an orc warlord
 30214 | Orc:2    | Reached skill level 10 in Armour
 30494 | Orc:2    | Noticed Snorg
 30723 | Orc:2    | Killed Snorg
 31171 | Orc:2    | Found Femic's Jewellery Shop.
 31864 | Orc:1    | Killed an orc warlord
 31963 | Orc:1    | Bought Fonocum's Incunabulum of Creative Clay for 546 gold
                  | pieces
 32162 | D:11     | You paid a toll of 7 potions of haste to enter a treasure
                  | trove
 32163 | Trove    | Entered a treasure trove
 32167 | Trove    | Identified the +0 pair of boots "Fiwexotz" {rC+ Regen+
                  | Slay-2}
 32175 | Trove    | Identified the -5 helmet of Munu {rC+ Stlth+}
 32176 | Trove    | Identified the +2 helmet of the Original Sin {rC+}
 32178 | Trove    | Identified the +0 hat of the Hidden Vale {Contam rC+ Int+7}
 32183 | Trove    | Identified the +0 kite shield of Trumpets {rCorr}
 32185 | Trove    | Identified the +1 scale mail "Nyjejes" {Fly}
 32186 | Trove    | Identified the quicksilver dragon scales of Inaction {Will+
                  | Int+4}
 32217 | Trove    | Identified the +0 scale mail of Wallamyhe {rN+}
 32219 | Trove    | Identified the +1 pair of gloves of the Depths {rPois Int+3
                  | Dex-2}
 32311 | D:11     | Learned a level 9 spell: Shatter
 32463 | Spider:1 | Entered Level 1 of the Spider Nest
 32967 | Lair:4   | Killed a ghost moth
 33275 | Orc:2    | Bought the ring "Saguyn" {rF+ Str+3 Int+5 SInv} for 742
                  | gold pieces
 34166 | Spider:1 | Reached XP level 16. HP: 97/106 MP: 28/32
 34775 | Spider:1 | Identified Roxanne's Handbook of Moulding
 34775 | Spider:1 | Noticed Roxanne
 34789 | Spider:1 | Killed Roxanne
 35120 | Spider:1 | Reached skill level 16 in Earth Magic
 36397 | Elf:1    | Entered Level 1 of the Elven Halls
 37106 | Elf:1    | Found Tino's Neck Hole.
 37372 | Elf:1    | Paralysed by an air elemental for 1 turns
 37449 | Elf:1    | Reached skill level 15 in Fighting
 37463 | Elf:1    | Reached skill level 15 in Conjurations
 37477 | Elf:1    | HP: 5/108 [deep elf zephyrmancer/bolt of lightning (5)]
 37481 | Elf:1    | Shot with an arrow by a deep elf archer

Illustrated notes

Levels and vault maps discovered:
D:1:      giann_horns, layout_basic
D:2:      layout_basic, hellmonk_ecumenical_altar_watching_god
D:3:      layout_loops_ring, gammafunk_ghost_nasty_kobolds,
          guppyfry_early_orc_mine, uniq_natasha
D:4:      layout_basic, portal_sewer_entry_f, eino_small_chamber_without_monster
D:5:      layout_basic
D:6:      minmay_chambers_of_sixes, layout_basic, uniq_eustachio
D:7:      layout_loops_cross, minmay_temple_entry_tees
D:8:      layout_basic, amcnicky_mini_corridor_feature
D:9:      layout_basic, amcnicky_mini_rare_corridor_liquid, nicolae_sextant,
          uniq_maurice
D:10:     layout_basic, mainiacjoe_overflow_swirl, enter_bailey_4
D:11:     layout_stronghold, dpeg_lair_monsters,
          nicolae_trove_entry_path_of_doom, hangedman_decor_lopped,
          uniq_gastronok
D:12:     minmay_statue_hallways, layout_irregular_city, david_orc_2
Temple:   mainiacjoe_temple_big_plus
Lair:1:   layout_regular_city
Lair:2:   layout_loops_ring, elwin_shoals_entry_stream, grunt_megastairs_1,
          lemuel_fruit_fields
Lair:3:   layout_misc_corridors
Lair:4:   layout_layer_cave, nicolae_spider_entry_orb_guardian,
          grunt_megastairs_4, uniq_rupert
Lair:5:   layout_gridlike, slime_altar_1, grunt_forest_stairs_basic, uniq_urug
Lair:6:   minmay_lair_end_enchanted_forest, layout_gridlike, grunt_megastairs_2,
          uniq_nessos
Spider:1: nicolae_spider_mines_3, nicolae_spider_paper_wasps,
          hangedman_spider_tarantella_strand, uniq_roxanne
Orc:1:    layout_caves, basic_altar, serial_shops, shop, uniq_jorgrun,
          uniq_erica
Orc:2:    grunt_orc_community_town_hall, layout_caves,
          grunt_orc_community_big_house_2, grunt_orc_community_big_house_2,
          grunt_orc_community_house_1, grunt_orc_community_house_1,
          grunt_orc_community_house_1, grunt_orc_community_house_3, basic_altar,
          uniq_snorg
Elf:1:    elf_arrival_002, layout_loops_cross, orc_legates,
          minmay_misc_feat_pillars, nicolae_shop_sticking_my_neck_out

Skill      XL: |  1  2  3  4  5  6  7  8  9 10 11 12 13 14 15 16 |
---------------+-------------------------------------------------+-----
Conjurations   | 1 2 3 5 6 7 9 10 11 13 14 15 | 15.0
Fighting       | 1 2 3 4 6 7 9 10 11 13 14 15 | 15.0
Earth Magic    | 4 5 6 7 9 10 12 13 14 15 16 | 16.5
Armour         | 1 2 3 4 5 6 7 8 9 10 | 10.9
Dodging        | 2 |  2.4
Spellcasting   | 3 4 5 6 8 9 10 11 12 | 12.9
Shields        | 1 2 3 4 5 |  5.0
Stealth        | 3 4 5 |  5.0
Transmutations | |  0.7

Action                   |  1- 3 |  4- 6 |  7- 9 | 10-12 | 13-15 | 16-18 || total
-------------------------+-------+-------+-------+-------+-------+-------++-------
Melee: Dagger            |    33 |       |       |       |       |       ||    33
       Unarmed           |     9 |       |       |       |       |       ||     9
       Short sword       |    12 |       |       |       |       |       ||    12
       Flail             |       |     2 |       |       |       |       ||     2
       Hunting sling     |       |     1 |       |       |       |       ||     1
       Trident           |       |       |    47 |    97 |   244 |    70 ||   458
       Staff             |       |       |       |     3 |       |       ||     3
       Punch             |       |       |       |     2 |     5 |       ||     7
 Fire: Hunting sling     |    29 |    53 |     4 |       |       |       ||    86
 Cast: Sandblast         |    39 |    68 |    24 |    24 |    12 |       ||   167
       Stone Arrow       |       |     9 |    77 |   344 |   898 |   221 ||  1549
       Mephitic Cloud    |       |       |       |       |    11 |       ||    11
Evoke: Wand              |       |       |       |       |     4 |       ||     4
       Tin of tremorston |       |       |       |       |       |     2 ||     2
       Phial of floods   |       |       |       |       |       |     1 ||     1
  Use: Scroll            |       |     8 |       |    14 |    14 |     2 ||    38
       Potion            |       |       |       |       |    12 |     4 ||    16
 Stab: Sleeping          |     2 |       |     1 |     2 |       |       ||     5
Armor: Robe              |    26 |    19 |       |       |       |       ||    45
       Leather armour    |       |       |    43 |   131 |   480 |       ||   654
       Quicksilver drago |       |       |       |       |   236 |   272 ||   508
       Troll leather arm |       |       |       |       |    30 |       ||    30
Dodge: Dodged            |    34 |    28 |    34 |   145 |   456 |   138 ||   835
Block: Buckler           |       |       |       |       |    83 |       ||    83
       Kite shield       |       |       |       |       |    75 |   120 ||   195
